 Dungeon Crawl Stone Soup version 0.27.1-3-gb3d3a73c9e (webtiles) character file.

Game seed: 7128381312809139848

529 Cykl0x the Shield-Bearer (level 7, -1/60 HPs)
             Began as a Minotaur Fighter on Oct 28, 2021.
             Was an Initiate of the Shining One.
             Blown up by Ijyb (32 damage)
             ... with a mindburst bolt
             ... on level 4 of the Dungeon.
             The game lasted 00:05:46 (4281 turns).

Cykl0x the Shield-Bearer (Minotaur Fighter)         Turns: 4281, Time: 00:05:46

Health: -1/60      AC:  8    Str: 23    XL:     7   Next: 3%
Magic:  7/7        EV:  8    Int:  5    God:    the Shining One [......]
Gold:   197        SH: 11    Dex:  9    Spells: 6/6 levels left

rFire    . . .     SeeInvis +   a - +1 long sword
rCold    . . .     Faith    .   c - +1 kite shield
rNeg     . . .     Spirit   .   b - +0 scale mail
rPois    .         Reflect  .   (helmet restricted)
rElec    .         Harm     .   (no cloak)
rCorr    .         Rampage  .   (no gloves)
Will     .....                  l - +0 pair of boots
Stlth    ..........             (no amulet)
HPRegen  0.20/turn              h - ring of see invisible
MPRegen  0.10/turn              (no ring)

@: glowing
A: horns 2, retaliatory headbutt
a: Renounce Religion


You were on level 4 of the Dungeon.
You worshipped the Shining One.
The Shining One was noncommittal.
You visited 2 branches of the dungeon, and saw 5 of its levels.

You collected 252 gold pieces.
You spent 55 gold pieces at shops.

Inventory:

Hand Weapons
 a - a +1 long sword (weapon)
 k - a +2 short sword of flaming
Missiles
 e - 90 stones (quivered)
 g - 7 silver javelins
 p - 19 poisoned darts
Armour
 b - a +0 scale mail (worn)
 c - a +1 kite shield (worn)
 l - a +0 pair of boots (worn)
Jewellery
 h - a ring of see invisible (left hand)
Wands
 m - a wand of mindburst (14)
 r - a wand of acid (8)
Scrolls
 i - 2 scrolls of magic mapping
Potions
 d - a potion of might
 f - a potion of flight
 j - a potion of curing
 n - a potion of magic
 o - a potion of invisibility
 s - a potion of ambrosia {unknown}
 t - a potion of heal wounds {unknown}
 u - a potion of brilliance {unknown}


   Skills:
 + Level 4.7 Fighting
 + Level 5.0 Long Blades
 + Level 2.2 Throwing
 + Level 5.0 Armour
 + Level 2.5 Dodging
 + Level 5.1 Shields
 * Level 1.4 Invocations


You had 6 spell levels left.
You didn't know any spells.
Your spell library contained the following spells:

 Spells                   Type           Power      Damage    Failure   Level
 Sandblast                Erth           0%         2d4       99%         1
 Corpse Rot               Necr/Air       N/A        N/A       100%        2
 Passwall                 Tmut/Erth      0%         N/A       100%        2
 Poisonous Vapours        Pois/Air       0%         N/A       100%        2
 Slow                     Hex            0%         N/A       100%        2
 Confusing Touch          Hex            0%         N/A       100%        3
 Vampiric Draining        Necr           0%         2d6       100%        3
 Alistair's Intoxication  Tmut/Pois      0%         N/A       100%        5
 Blade Hands              Tmut           0%         N/A       100%        5
 Fireball                 Conj/Fire      0%         3d3       100%        5
 Freezing Cloud           Conj/Ice/Air   0%         6-21      100%        5
 Lee's Rapid Deconstruct  Erth           0%         3d5*      100%        5


Dungeon Overview and Level Annotations

Branches:
Dungeon (4/15)             Temple (1/1) D:4

Altars:
Cheibriados
Makhleb
Qazlal
Vehumet
Zin
The Shining One

Shops:
D:1 *

Annotations:
D:4 Ijyb


Innate Abilities, Weirdness & Mutations

You have a pair of horns on your head.
You reflexively headbutt those who attack you in melee.


Message History

You open the door. You open the door.
Found a hunting sling and a dagger.
A hobgoblin and Ijyb come into view.
Ijyb is wielding a +0 club and carrying a wand of mindburst (9).
Ijyb shouts!
You barely miss Ijyb. Ijyb hits you but does no damage.
You completely miss Ijyb. You block Ijyb's attack.
Ijyb zaps a wand.
Your mind is blasted!
Ouch! That really hurt!
You are too injured to fight recklessly!
You are too injured to fight recklessly!
You are too injured to fight recklessly!
You are too injured to fight recklessly!
You are too injured to fight recklessly!
You are too injured to fight recklessly!
You are too injured to fight recklessly!
You are too injured to fight recklessly!
You are too injured to fight recklessly!
You are too injured to fight recklessly!
You are too injured to fight recklessly!
You are too injured to fight recklessly!
You are too injured to fight recklessly!
You are too injured to fight recklessly!
You are too injured to fight recklessly!
You are too injured to fight recklessly!
You are too injured to fight recklessly!
You are too injured to fight recklessly!
You are too injured to fight recklessly!
You are too injured to fight recklessly!
Unknown command.
You closely miss Ijyb. You headbutt Ijyb, but do no damage.
You slash the hobgoblin!
You kill the hobgoblin!
You block Ijyb's attack. You block Ijyb's attack.
There is an open door here.
Ijyb zaps a wand.
Your mind is blasted!
Ouch! That really hurt!
You die...

#.'..#..#...#..#.)#..#..#..##
##.#.)'..#...#.(#..)..#..#.#.##
#..#####.###+#####.####...###.#
#...# +..# #..#...#.....#.##
#...# #..# #..#...'.....)...
#...## ##.######'#.#'###.......
#...P# +....g.....#...#.......
#....+ #....#'##..#...#.#.....
#...## #+## #@.####'###.#.....
#...# #..#.).).#..#..#.# #...#
+).#.....#..#..... #...####
#######...))#..#.....
#......####.....#####'#..#.....
#........................##....
#.####.####.###############....
#..................>........#.#
###########.#################..


You could see Ijyb.

Vanquished Creatures
  2 ogres (D:4)
  A scorpion (D:4)
  Crazy Yiuf (D:3)
  Terence (D:3)
  A hound skeleton (D:4)
  Robin (D:3)
  3 gnolls (D:4)
  5 adders
  4 worms
  A dart slug (D:2)
  9 orcs
  4 ball pythons
  3 bats
  4 endoplasms
  2 giant cockroaches
  18 goblins
  18 hobgoblins
  8 jackals
  24 kobolds
  4 quokkas
  2 frilled lizards (D:2)
  8 rats
124 creatures vanquished.

Vanquished Creatures (others)
  A plant (D:1)
1 creature vanquished.

Grand Total: 125 creatures vanquished

Notes
Turn   | Place    | Note
-------+----------+-------------------------------------------
     0 | D:1      | Cykl0x the Minotaur Fighter began the quest for the Orb.
     0 | D:1      | Reached XP level 1. HP: 19/19 MP: 0/0
   298 | D:1      | Found Darounao's General Store.
   308 | D:1      | Bought a scroll of magic mapping for 35 gold pieces
   322 | D:1      | Reached XP level 2. HP: 20/27 MP: 1/1
   553 | D:1      | Found a faded altar of an unknown god.
   805 | D:1      | Bought a scroll of identify for 20 gold pieces
   964 | D:2      | Reached skill level 1 in Dodging
   968 | D:2      | Reached XP level 3. HP: 31/33 MP: 2/2
  1162 | D:2      | Reached skill level 1 in Throwing
  1316 | D:2      | Reached XP level 4. HP: 40/40 MP: 3/3
  2301 | D:3      | Noticed Robin
  2318 | D:3      | Reached XP level 5. HP: 43/46 MP: 4/4
  2327 | D:3      | Killed Robin
  2426 | D:3      | Noticed Terence
  2451 | D:3      | Killed Terence
  2688 | D:3      | Got the Grimoire of Shifting Arcane Weapons
  3017 | D:3      | Found a runed translucent door.
  3018 | D:3      | Noticed Crazy Yiuf
  3026 | D:3      | Killed Crazy Yiuf
  3121 | D:4      | Noticed an ogre
  3125 | D:4      | Killed an ogre
  3126 | D:4      | Reached XP level 6. HP: 40/53 MP: 5/5
  3322 | D:4      | Found a staircase to the Ecumenical Temple.
  3332 | Temple   | Entered the Ecumenical Temple
  3344 | Temple   | Became a worshipper of the Shining One
  3726 | D:4      | Reached skill level 1 in Invocations
  3936 | D:4      | Reached skill level 5 in Shields
  4064 | D:4      | Reached skill level 5 in Long Blades
  4064 | D:4      | Reached skill level 5 in Armour
  4064 | D:4      | Reached XP level 7. HP: 43/60 MP: 5/7
  4275 | D:4      | Noticed Ijyb
  4281 | D:4      | Blown up by Ijyb

Illustrated notes

Levels and vault maps discovered:
D:1:      psy_arrival_spokes, layout_basic, chequers_ecumenical_altar_simple,
          serial_shops, shop, hangedman_abyss_or_decor_lesser_grid,
          serial_bayou_pond_b
D:2:      minmay_kobold_bridge, layout_basic, minivault_25,
          minmay_divided_ellipse
D:3:      layout_loops_corners, uniq_robin, uniq_terence,
          uniq_crazy_yiuf_cottage
D:4:      corexii_shantytown, layout_loops_ring, minmay_temple_entry_mini_moons,
          serial_shops, shop_coins, chequers_serial_rivers_small_3,
          nrook_mini_vaults, minmay_goblin_kobold_house, uniq_ijyb
Temple:   nicolae_temple_god_jail

Skill      XL: |  1  2  3  4  5  6 |
---------------+-------------------+-----
Fighting       | 4 |  4.7
Dodging        | 1 2 |  2.5
Armour         | 4 5 |  5.0
Long Blades    | 3 4 5 |  5.0
Throwing       | 1 2 |  2.2
Shields        | 4 5 |  5.1
Invocations    | 1 |  1.4

Action                   |  1- 3 |  4- 6 |  7- 9 || total
-------------------------+-------+-------+-------++-------
Melee: Long sword        |    84 |   205 |     4 ||   293
       Headbutt          |    11 |    36 |     1 ||    48
Throw: Stone             |    15 |    27 |       ||    42
       Javelin           |       |     2 |       ||     2
  Use: Scroll            |     3 |     7 |       ||    10
Armor: Scale mail        |    37 |    58 |     1 ||    96
Dodge: Dodged            |    33 |    58 |       ||    91
Block: Kite shield       |    54 |   118 |     3 ||   175
       Rpst.: Long sword |    16 |    16 |       ||    32
